Map: Rhoskallian LE

Players

Cobra

  • Race: Terran Terran
  • League: Master
  • Spawn Location: 5:00

AndronicuS

  • Race: Terran Terran
  • Spawn Location: 6:00

Massa - Winner!

  • Race: Terran Terran
  • Spawn Location: 12:00

qqq - Winner!

  • Race: Zerg Zerg
  • Spawn Location: 11:00

VOD

Have the link to the VOD?

Description

Time

  • Played on: Jan. 26, 2021, 11:58 a.m.
  • Length: 11:33
Show
View Real Time Build Order
Export as new Build Order

Cobra Terran 

Build Orders:  

Get SALT Encoding   

  12  0:00  SCV  
  13  0:12  SCV  
  14  0:18  Supply Depot  
  14  0:25  SCV  
  15  0:40  SCV  
  15  0:42  Barracks  
  16  0:45  Refinery  
  16  0:52  SCV  
  17  1:04  SCV  
  18  1:16  SCV  
  19  1:30  Barracks Reactor  
  19  1:31  Orbital Command  
  19  1:43  Command Center  
  19  1:56  SCV  
  19  2:00  Barracks  
  20  2:05  Supply Depot  
  20  2:08  SCV  
  20  2:09  Marine  
  20  2:12  Marine  
  23  2:25  Factory  
  23  2:26  SCV  
  23  2:27  Marine  
  25  2:30  Marine  
  26  2:38  SCV  
  26  2:39  Refinery  
  27  2:47  Marine  
  27  2:50  Barracks Tech Lab, SCV  
  29  2:58  Orbital Command  
  29  3:03  SCV  
  30  3:06  Marine  
  30  3:10  Stimpack  
  31  3:15  SCV  
  31  3:17  Starport  
  32  3:21  Marine  
  32  3:22  Orbital Command  
  32  3:26  Factory Reactor  
  33  3:39  SCV, Engineering Bay  
  33  3:40  Engineering Bay  
  34  3:43  Marine  
  34  3:44  Marine  
  36  3:50  SCV  
  36  3:51  SCV  
  36  3:52  Marine  
  39  4:09  Supply Depot x2  
  39  4:14  Medivac x2  
  44  4:17  SCV  
  44  4:21  SCV  
  45  4:25  Factory Tech Lab  
  45  4:29  SCV  
  45  4:30  Marine  
  39  4:40  Marine x2  
  33  4:48  Marine  
  33  4:52  SCV x2  
  33  4:58  Marine x2  
  34  5:06  Marine  
  35  5:14  Medivac x2, Siege Tank  
  38  5:15  Marine  
  38  5:16  Marine  
  38  5:17  SCV  
  45  5:24  Marine  
  45  5:25  Barracks  
  45  5:26  Barracks  
  45  5:27  Barracks  
  46  5:29  Barracks  
  46  5:32  Combat Shield  
  46  5:33  Marine  
  46  5:34  Marine  
  48  5:37  SCV x2  
  48  5:39  Orbital Command  
  48  5:42  Marine  
  51  5:49  SCV  
  53  5:51  Marine x2  
  52  5:59  Marine  
  52  6:01  SCV  
  54  6:04  SCV  
  54  6:09  Marine x2  
  54  6:11  Terran Infantry Weapons Level 1  
  57  6:13  SCV  
  57  6:17  SCV, Marine  
  60  6:20  Marine x2  
  60  6:25  Barracks Reactor  
  62  6:32  Supply Depot  
  62  6:34  Supply Depot  
  62  6:38  Supply Depot  
  62  6:39  Supply Depot  
  62  6:42  Terran Infantry Armor Level 1, Supply Depot  
  62  6:53  SCV x2, Marine x3  
  62  6:54  Marauder  
  70  6:57  Barracks Reactor  
  70  7:00  Refinery x2  
  70  7:01  Barracks Reactor  
  69  7:06  SCV x2  
  71  7:09  Command Center  
  71  7:10  Marine x2  
  71  7:11  Marine x3  
  71  7:13  Supply Depot x2  
  71  7:14  Supply Depot  
  71  7:15  Marauder  
  78  7:16  Supply Depot  
  78  7:18  SCV x2  
  80  7:28  Marine x2  
  80  7:29  Marine x3  
  81  7:30  SCV x2  
  81  7:34  Marine  
  81  7:35  Marine  
  81  7:36  Marine x2  
  81  7:37  Marauder  
  84  7:42  SCV x2  
  80  7:45  Marine  
  80  7:46  Marine  
  80  7:47  Marine x2  
  83  7:53  Marine  
  83  7:58  Marauder  
  81  8:02  Marine  
  81  8:03  Marine  
  73  8:07  SCV  
  73  8:08  SCV  
  70  8:17  Marine x2  
  70  8:18  Marine  
  70  8:19  Marauder  
  75  8:24  Marine x2  
  75  8:25  Marine  
  74  8:27  Medivac  
  74  8:28  Medivac  
  78  8:34  Missile Turret  
  78  8:36  Orbital Command  
  78  8:41  Marauder  
  80  8:42  Missile Turret  
  80  8:44  SCV x2  
  80  8:45  Missile Turret  
  80  8:47  Marine x2  
  80  8:48  Marine  
  85  8:50  Marine  
  85  8:52  Marine  
  85  8:53  Marine  
  88  8:56  SCV, Marine x2  
  88  8:57  SCV, Medivac  
  88  8:58  Marine  
  88  9:02  SCV, Marauder  
  94  9:08  SCV  
  94  9:09  SCV, Marine x2  
  97  9:10  Marine  
  97  9:14  SCV, Marine  
  93  9:21  SCV x2  
  93  9:23  Marauder, Marine  
  96  9:26  SCV  
  96  9:27  Medivac  
  99  9:32  Marine  
  99  9:33  SCV, Marine  
  99  9:37  Marine x2  
  103  9:39  Marine  
  103  9:40  Marine  
  103  9:43  Marine x2  
  103  9:45  SCV  
  106  9:46  Marine x2  
  106  9:50  Marine  
  106  9:51  Marine  
  110  9:55  Marine x2  
  110  9:56  Marine  
  110  9:57  SCV  
  110  9:58  Marine  
  115  10:01  Marine x2  
  115  10:04  Marine x2  
  104  10:08  Marine  
  104  10:09  Marine  
  104  10:13  Marine x2  
  87  10:14  Marine  
  87  10:16  Marine  
  87  10:19  Marine x2  
  87  10:22  Marine  
  87  10:23  Marauder  
  87  10:26  Marine  
  87  10:27  Marine  
  88  10:30  Marine  
  88  10:31  Marine  
  88  10:32  Marine  
  88  10:34  Marine  
  88  10:36  Marine, Medivac  
  88  10:37  Marine  
  88  10:40  Marine  
  90  10:43  Marine  
  90  10:44  Marauder, Marine  
  90  10:48  Marine  
  90  10:49  SCV, Marine  
  98  10:50  SCV x2, Marine  
  98  10:55  Supply Depot  
  98  10:56  Marine  
  98  10:57  Marine  
  101  11:00  Marine x2  
  101  11:02  Marine  
  105  11:05  Marauder  
  105  11:06  Marine x2  
  105  11:08  Marine  
  105  11:09  Marine  
  111  11:13  Marine  
Show
View Real Time Build Order
Export as new Build Order

AndronicuS Terran 

Build Orders:  

Get SALT Encoding   

  12  0:00  SCV  
  13  0:12  SCV  
  14  0:18  Supply Depot  
  14  0:24  SCV  
  15  0:40  SCV, Barracks  
  16  0:52  SCV  
  17  1:04  SCV  
  18  1:17  SCV  
  19  1:20  Command Center  
  19  1:29  Orbital Command  
  19  1:32  Marine  
  20  1:39  Refinery  
  20  1:46  Supply Depot  
  20  1:50  Marine  
  21  1:55  SCV  
  22  2:04  Barracks  
  22  2:07  SCV  
  23  2:13  Refinery, Barracks Tech Lab  
  23  2:19  SCV  
  24  2:26  Barracks  
  24  2:31  SCV  
  24  2:36  Orbital Command  
  25  2:39  Marine  
  25  2:43  SCV  
  27  2:48  Stimpack  
  27  2:54  Marine  
  27  2:55  SCV  
  27  2:57  Orbital Command  
  29  2:59  Marine  
  30  3:08  SCV  
  31  3:14  Barracks Reactor  
  31  3:15  Factory  
  31  3:22  Barracks Reactor  
  31  3:23  SCV, Marine  
  31  3:24  SCV  
  34  3:36  SCV x2  
  36  3:43  Supply Depot  
  36  3:48  SCV x2  
  37  3:53  Barracks  
  38  3:58  Supply Depot  
  38  4:00  Starport, SCV  
  38  4:01  SCV  
  34  4:12  SCV  
  34  4:13  SCV  
  32  4:17  Marine  
  24  5:15  Orbital Command  
Show
View Real Time Build Order
Export as new Build Order

Massa Terran - Winner!

Build Orders:  

Get SALT Encoding   

  12  0:00  SCV  
  13  0:13  SCV  
  14  0:25  SCV, Supply Depot  
  15  0:46  Refinery, SCV  
  15  0:48  Barracks  
  16  0:57  Refinery  
  16  0:58  SCV  
  17  1:09  Barracks  
  17  1:13  SCV  
  18  1:27  SCV  
  19  1:38  Reaper, Supply Depot  
  20  1:43  SCV  
  21  1:55  SCV  
  21  1:56  Reaper  
  23  2:08  Orbital Command  
  23  2:10  Reaper  
  24  2:28  Reaper  
  25  2:34  SCV  
  26  2:42  Reaper  
  27  2:49  Command Center  
  27  2:51  SCV  
  28  3:05  SCV, Factory  
  29  3:09  Reaper  
  30  3:15  Barracks Tech Lab  
  30  3:31  SCV  
  31  3:46  Barracks Reactor  
  31  3:52  Supply Depot x3  
  31  4:00  SCV  
  32  4:58  Factory Tech Lab  
  32  4:59  Orbital Command  
  26  5:00  SCV  
  26  5:02  Marine x2  
  26  5:03  Marauder  
  26  5:04  Stimpack  
  31  5:09  Starport  
  31  5:12  SCV  
  32  5:15  Engineering Bay  
  32  5:16  Barracks  
  32  5:19  Barracks, Marine  
  32  5:20  Marine  
  34  5:22  Siege Tank  
  34  5:24  SCV  
  34  5:25  SCV, Marauder  
  41  5:35  Supply Depot  
  41  5:36  SCV  
  41  5:37  Marine x2  
  41  5:38  SCV, Supply Depot  
  45  5:44  Starport Tech Lab  
  45  5:46  Marine  
  45  5:48  SCV  
  47  5:50  SCV  
  47  5:54  Missile Turret  
  48  6:00  SCV  
  48  6:02  SCV  
  48  6:03  Reaper x3  
  48  6:04  Reaper  
  54  6:10  Barracks Tech Lab  
  54  6:17  Banshee, Missile Turret  
  54  6:18  Missile Turret  
  57  6:21  Refinery  
  57  6:24  Refinery  
  57  6:29  SCV x2  
  57  6:31  Cloaking Field  
  59  6:34  Widow Mine  
  59  6:35  Reaper x3, Marine x2  
  66  6:43  Combat Shield  
  66  6:53  Marine x2  
  68  6:58  SCV x2  
  70  7:04  Banshee  
  70  7:07  Marine x3  
  76  7:09  Command Center  
  76  7:10  SCV x2, Marine  
  79  7:22  SCV  
  80  7:24  Widow Mine  
  81  7:46  Widow Mine, Banshee  
  77  8:07  Siege Tank  
  80  8:24  Planetary Fortress  
  80  8:26  SCV  
  80  8:27  SCV  
  82  8:30  Refinery  
  82  8:35  Refinery  
  82  8:39  SCV x2  
  84  8:43  Banshee  
  87  8:51  SCV  
  87  9:15  Siege Tank  
  88  9:26  Banshee  
  91  9:47  Siege Tank  
  83  10:08  Marauder x2  
  83  10:09  Marine x3, Medivac  
  84  10:19  Siege Tank  
  87  10:26  Marine  
  87  10:27  Marine x2  
  90  10:30  Marauder x2  
  94  10:39  Medivac  
  93  10:44  Marine x2  
  93  10:45  Marine  
  96  10:51  Marauder x2  
  100  11:02  Marine  
  100  11:03  Supply Depot  
  101  11:05  Supply Depot x2  
  101  11:07  Supply Depot  
  101  11:08  Supply Depot  
  101  11:10  Armory, Supply Depot  
  101  11:11  Supply Depot  
  101  11:15  SCV x3  
  108  11:32  Supply Depot x2  
Show
View Real Time Build Order
Export as new Build Order

qqq Zerg - Winner!

Build Orders: Hatch First 

Get SALT Encoding   

  12  0:00  Drone  
  13  0:11  Drone  
  14  0:27  Overlord  
  14  0:49  Drone  
  15  0:50  Hatchery  
  15  0:54  Drone  
  15  0:58  Drone  
  15  1:03  Drone  
  17  1:34  Spawning Pool  
  17  1:35  Drone x3, Extractor  
  18  1:47  Drone  
  19  1:57  Drone  
  20  2:04  Drone  
  21  2:14  Drone x2  
  23  2:23  Queen  
  23  2:28  Hatchery  
  24  2:31  Drone  
  24  2:34  Overlord  
  25  2:40  Metabolic Boost  
  25  2:45  Drone  
  26  2:51  Queen  
  26  2:55  Zergling x2  
  26  2:57  Zergling x2  
  30  3:00  Zergling x2  
  30  3:03  Drone  
  32  3:05  Zergling x2  
  32  3:11  Overlord  
  33  3:13  Zergling x2  
  34  3:26  Zergling x2  
  35  3:33  Roach Warren, Zergling x6  
  37  3:35  Zergling x2  
  37  3:37  Zergling x2  
  37  3:40  Zergling x2  
  39  3:44  Zergling x2  
  40  3:48  Zergling x2  
  40  3:53  Zergling x2  
  40  3:54  Zergling x2  
  40  3:55  Zergling x2  
  44  4:02  Zergling x2  
  45  4:03  Zergling x4  
  47  4:14  Zergling x2  
  47  4:15  Zergling x4  
  48  4:24  Zergling x2  
  48  4:25  Overlord x2  
  46  4:41  Zergling x2  
  46  4:42  Zergling x6  
  46  4:43  Overlord  
  49  4:49  Roach x2  
  53  5:00  Zergling x4  
  53  5:01  Roach x2  
  59  5:11  Roach  
  59  5:12  Roach  
  63  5:17  Lair  
  63  5:20  Drone  
  64  5:31  Roach x2  
  64  5:33  Drone x2  
  70  5:36  Drone  
  70  5:38  Drone  
  70  5:41  Drone  
  73  5:48  Overlord  
  60  6:05  Roach x2  
  60  6:06  Drone x4  
  68  6:15  Drone  
  68  6:16  Spire  
  68  6:17  Extractor  
  67  6:27  Spore Crawler  
  67  6:28  Drone x2  
  67  6:29  Drone  
  67  6:30  Spore Crawler  
  68  6:37  Drone x2  
  68  6:38  Drone  
  71  6:45  Drone  
  72  6:47  Drone x2, Roach  
  76  6:54  Extractor x2, Drone x2  
  76  6:55  Drone x3  
  76  6:57  Roach  
  76  6:58  Overlord  
  81  7:03  Overlord  
  64  7:34  Roach x3  
  64  7:35  Mutalisk x2  
  58  7:37  Drone, Zergling x8  
  58  7:38  Zergling x4  
  59  7:47  Mutalisk  
  59  7:49  Zergling x4, Roach  
  59  7:50  Zergling x10  
  69  7:59  Overlord  
  69  8:00  Drone  
  69  8:01  Drone  
  71  8:10  Drone  
  71  8:12  Drone x2  
  74  8:16  Mutalisk x2  
  74  8:17  Overlord  
  73  8:27  Mutalisk  
  73  8:31  Drone x4  
  73  8:32  Drone  
  80  8:37  Queen  
  82  8:45  Drone x2  
  82  8:46  Roach  
  86  8:50  Zerg Flyer Weapons Level 1  
  86  8:53  Drone x2  
  86  8:54  Drone  
  89  8:58  Overlord  
  86  9:20  Zergling x6, Roach x3  
  86  9:21  Drone x2  
  86  9:22  Drone x6  
  97  9:30  Extractor  
  96  9:32  Extractor, Roach  
  96  9:33  Glial Reconstitution  
  97  9:40  Mutalisk, Infestation Pit  
  97  9:41  Evolution Chamber  
  97  9:42  Evolution Chamber  
  97  9:45  Drone x2  
  98  9:46  Roach  
  98  9:48  Zergling x2  
  101  9:55  Mutalisk x2  
  101  9:56  Mutalisk  
  101  9:59  Mutalisk  
  109  10:02  Drone x2  
  109  10:04  Zergling x2  
  93  10:33  Mutalisk x3  
  93  10:34  Mutalisk x2  
  95  10:40  Drone x2, Mutalisk  
  95  10:42  Zergling x4  
  97  10:45  Mutalisk  
  97  10:46  Zergling x6  
  97  10:47  Zergling x4, Overlord x3  
  104  10:58  Drone  
  104  10:59  Mutalisk  
  100  11:19  Hatchery  
  93  11:25  Hatchery  
Tags
 
Add a new tag
Caveats
  • Supply blocks, unpowered buildings, or Contaminate may cause inaccurate times.
  • Supply counts are checked every 10 seconds.